 Dungeon Crawl Stone Soup version 0.25-a0-474-ga8a2ee3166 (webtiles) character file.

Game seed: 2250844538231089149, levelgen mode: deterministic

149 ChaosChampion the Sneak (level 5, -2/24 HPs)
             Began as a Spriggan Enchanter on Feb 7, 2020.
             Was a Believer of Elyvilon.
             Killed by nerve-wracking pain
             ... invoked by an orc priest
              (9 damage)
             ... on level 3 of the Dungeon.
             The game lasted 00:07:16 (3872 turns).

ChaosChampion the Sneak (Spriggan Enchanter)        Turns: 3872, Time: 00:07:18

Health: -2/24      AC:  2    Str:  4    XL:     5   Next: 9%
Magic:  2/11       EV: 18    Int: 16    God:    Elyvilon [**....]
Gold:   170        SH:  0    Dex: 18    Spells: 5/11 levels left

rFire    . . .     SeeInvis +   a - +1 dagger
rCold    . . .     Gourm    .   (shield restricted)
rNeg     . . .     Faith    .   b - +0 robe
rPois    .         Spirit   .   n - +0 hat
rElec    .         Reflect  .   (no cloak)
rCorr    .         Harm     .   (gloves unavailable)
MR       .....                  (boots unavailable)
Stlth    +++.......             (no amulet)
HPRegen  0.08/turn              (no ring)
MPRegen  0.12/turn              (no ring)

@: slowed, quick
A: very small, unfitting armour, see invisible, herbivore, speed 3, slow
metabolism 2
a: Lesser Healing, Heal Other, Divine Protection, Renounce Religion


You were on level 3 of the Dungeon.
You worshipped Elyvilon.
Elyvilon was pleased with you.
You were not hungry.

You visited 1 branch of the dungeon, and saw 3 of its levels.

You collected 170 gold pieces.

Inventory:

Hand Weapons
 a - a +1 dagger (weapon)
Missiles
 o - 16 arrows
Armour
 b - a +0 robe (worn)
 m - a +2 pair of gloves
 n - a +0 hat (worn)
Jewellery
 h - an uncursed amulet of the gourmand
Wands
 q - a wand of flame (11)
Scrolls
 c - 3 scrolls of identify {unknown}
 f - 2 scrolls of teleportation {unknown}
 g - 5 scrolls of remove curse
 i - 2 scrolls of blinking {unknown}
 j - 2 scrolls of fog {unknown}
 l - 2 scrolls of immolation {unknown}
 p - 2 scrolls of amnesia {unknown}
Potions
 e - 2 potions of lignification {unknown}
 k - a potion of might {unknown}
 r - a potion of heal wounds {unknown}
 s - a potion of mutation {unknown}
 t - 2 potions of flight {unknown}
Comestibles
 d - 3 rations


   Skills:
 * Level 3.0 Short Blades
 - Level 3.1 Dodging
 * Level 6.3 Stealth
 + Level 3.5 Spellcasting
 + Level 4.5 Hexes


You had 5 spell levels left.
You knew the following spells:

 Your Spells              Type           Power        Failure   Level  Hunger
a - Corona                Hex            ###....      2%          1    None
b - Ensorcelled Hibernat  Hex/Ice        ##....       11%         2    ##.....
c - Dazzling Flash        Conj/Hex       ##....       22%         3    ###....

Your spell library contained the following spells:

 Spells                   Type           Power        Failure   Level  Hunger
 Confusing Touch          Hex            ###.....     9%          3    ###....
 Tukima's Dance           Hex            ###.....     9%          3    ###....


Dungeon Overview and Level Annotations

Branches:
Dungeon (3/15)

Altars:
Elyvilon
Fedhas
Ru

Annotations:
D:3 Natasha


Innate Abilities, Weirdness & Mutations

You are very small and have problems with some larger weapons.
You are too small for most types of armour.
You have supernaturally acute eyesight. (SInv)
You are a herbivore.
You cover ground extremely quickly.
You need to consume almost no food.


Message History

Aim: Natasha (heavily wounded, unusually agile, chance to defeat MR: 41%) Natasha resists with some effort.
The orc priest looks braver for a moment.
Natasha misses you.
The orc priest mumbles some strange prayers to Beogh against you.
Beogh smites you! Elyvilon protects you from harm!
Casting: Ensorcelled Hibernation (safe; 11% risk of failure)
Confirm with . or Enter, or press ? or * to list all spells.
You don't have enough magic to cast that spell.
You closely miss Natasha.
Natasha is heavily wounded.
Natasha completely misses you.
You hit Natasha but do no damage.
Natasha is heavily wounded.
Natasha mewls in sadness.
Natasha misses you.
The orc priest calls down the wrath of Beogh upon you.
Pain shoots through your body!
You die...

...##.........# #.......#
...##.........# #...$...#
...##.........#######.).#####
#####...................#########
#.........#######...##.......
#...............o...##.......
..................##.......
####.##..........###....... #.
#...@$.....# #....... #.
#...h......# #.......
#..........# #.......
#..........# #.......
#..........# #.......
#..........# #.......
#..........# #.......
############ ####.### #.##


You could see an orc priest and Natasha.

Vanquished Creatures
  A hound (D:3)
  Natasha (D:3)
  An adder (D:3)
  2 oozes
  5 worms
  2 dart slugs
  4 leopard geckos (D:2)
  4 orcs (D:3)
  3 giant cockroaches
  8 hobgoblins
  2 jackals (D:3)
  A quokka (D:2)
  3 bats (D:2)
  4 frilled lizards
  A goblin (D:2)
  5 kobolds
  6 rats
53 creatures vanquished.

Notes
Turn   | Place    | Note
-------+----------+-------------------------------------------
     0 | D:1      | ChaosChampion the Spriggan Enchanter began the quest for
                  | the Orb.
     0 | D:1      | Reached XP level 1. HP: 9/9 MP: 5/5
   682 | D:1      | Reached XP level 2. HP: 13/13 MP: 6/6
  1126 | D:2      | Reached skill level 5 in Stealth
  1142 | D:2      | Learned a level 2 spell: Ensorcelled Hibernation
  1276 | D:2      | Reached XP level 3. HP: 12/16 MP: 1/8
  1797 | D:2      | Found a faded altar of an unknown god.
  1854 | D:2      | Became a worshipper of Elyvilon the Healer
  1854 | D:2      | Reached * piety under Elyvilon
  2304 | D:2      | Reached ** piety under Elyvilon
  2474 | D:3      | Reached XP level 4. HP: 21/21 MP: 4/9
  2659 | D:3      | Found a blossoming altar of Fedhas.
  2703 | D:3      | Found a sacrificial altar of Ru.
  2842 | D:3      | Reached skill level 6 in Stealth
  2995 | D:3      | Noticed Natasha
  3565 | D:3      | Elyvilon protects you from harm!
  3780 | D:3      | Killed Natasha
  3780 | D:3      | Reached XP level 5. HP: 14/24 MP: 4/11
  3826 | D:3      | Learned a level 3 spell: Dazzling Flash
  3864 | D:3      | Noticed Natasha
  3870 | D:3      | Elyvilon protects you from harm!
  3872 | D:3      | Killed from afar by an orc priest

Levels and vault maps discovered:
D:1:      onia_arrival_mini_maze, layout_loops_cross, minmay_misc_feat_pillars
D:2:      layout_loops_cross, chequers_ecumenical_altar_twisty,
          minmay_misc_feat_columns, kennysheep_nondescript,
          minmay_misc_feat_tower, roderic_roman_lattice,
          kennysheep_generic_room_11
D:3:      layout_basic, fedhas_altar_3, nicolae_ru_path_of_blood, uniq_natasha

Skill      XL: |  1  2  3  4 |
---------------+-------------+-----
Hexes          | 4 |  4.5
Stealth        | 5 6 |  6.3
Spellcasting   | 3 |  3.5
Short Blades   | 2 3 |  3.0
Dodging        | |  3.1

Action                   |  1- 3 |  4- 6 || total
-------------------------+-------+-------++-------
Melee: Dagger            |   123 |    53 ||   176
 Cast: Corona            |     4 |       ||     4
       Ensorcelled Hiber |     8 |    20 ||    28
Invok: Divine Protection |       |     1 ||     1
       Lesser Healing    |       |     1 ||     1
Evoke: Wand              |       |     2 ||     2
  Use: Scroll            |       |     1 ||     1
 Stab: Sleeping          |    20 |    10 ||    30
       Distracted        |     1 |       ||     1
  Eat: Ration            |       |     1 ||     1
Armor: Robe              |     6 |     1 ||     7
Dodge: Dodged            |    69 |    51 ||   120

Table legend:
 A = Non-vault XP
 B = Vault XP
 C = Vault XP percentage of total XP
 D = Non-vault monster count
 E = Vault monster count
 F = Vault count percentage of total count
                 A         B        C        D         E       F
            +---------+---------+-------+---------+---------+-------
      Total |     170 |      44 |  20.6 |      50 |       3 |   5.7
            +---------+---------+-------+---------+---------+-------
        D:1 |      25 |       0 |   0.0 |      12 |       0 |   0.0
        D:2 |      44 |       7 |  13.7 |      20 |       2 |   9.1
        D:3 |     101 |      37 |  26.8 |      18 |       1 |   5.3
            +---------+---------+-------+---------+---------+-------
